Map: Neon Violet Square LE

Players

Asimov - Winner!

  • Race: Terran Terran
  • League: Gold
  • Spawn Location: 5:00

WeAreLegion

  • Race: Terran Terran
  • League: Silver
  • Spawn Location: 11:00

VOD

Have the link to the VOD?

Description

Time

  • Played on: Dec. 13, 2024, 8:25 p.m.
  • Length: 25:55
Show
View Real Time Build Order
Export as new Build Order

Asimov Terran - Winner!

Build Orders:  

Get SALT Encoding   

  12  0:00  SCV  
  13  0:12  SCV  
  14  0:19  Supply Depot  
  14  0:25  Refinery  
  14  0:29  SCV  
  15  0:42  Barracks  
  15  0:47  SCV  
  16  0:54  Refinery  
  16  0:59  SCV  
  17  1:11  SCV  
  18  1:23  SCV  
  19  1:31  Factory  
  19  1:33  Marine  
  19  1:35  SCV  
  21  1:44  Supply Depot  
  21  1:49  SCV  
  22  2:08  Barracks Tech Lab  
  22  2:09  SCV  
  23  2:21  SCV  
  24  2:31  Siege Tank  
  24  2:33  Marine  
  28  2:40  SCV, Engineering Bay  
  29  2:47  Starport  
  29  2:53  Orbital Command  
  29  3:03  Supply Depot  
  29  3:28  Fusion Core  
  29  3:29  Starport Tech Lab, Missile Turret  
  29  3:37  Missile Turret  
  29  3:38  Hi-Sec Auto Tracking  
  29  4:00  Missile Turret  
  29  4:16  Battlecruiser  
  35  4:21  Missile Turret  
  35  4:23  Weapon Refit  
  35  4:24  Supply Depot  
  35  4:39  Missile Turret  
  35  4:50  Command Center  
  35  5:04  Missile Turret  
  35  5:20  Battlecruiser  
  41  5:30  Armory  
  41  5:50  Siege Tank  
  41  5:51  Supply Depot  
  44  6:02  SCV  
  45  6:05  Refinery  
  45  6:10  Starport  
  45  6:14  Barracks Tech Lab, SCV  
  46  6:25  Refinery  
  46  6:26  SCV  
  47  6:37  Command Center  
  47  6:38  SCV  
  48  6:50  SCV  
  48  6:52  Barracks Tech Lab  
  49  7:02  SCV  
  50  7:15  SCV  
  51  7:27  SCV  
  52  7:58  Starport Tech Lab, Battlecruiser  
  52  8:22  Terran Vehicle Weapons Level 1, Factory  
  52  8:30  Thor  
  52  8:32  Orbital Command, Refinery  
  58  8:42  Missile Turret  
  58  8:43  SCV  
  59  8:55  SCV  
  60  9:00  Refinery  
  60  9:02  Missile Turret  
  60  9:03  Missile Turret  
  60  9:06  Barracks Tech Lab, SCV, Missile Turret  
  60  9:07  SCV  
  62  9:16  Factory  
  62  9:18  SCV  
  62  9:19  SCV  
  62  9:21  Thor  
  70  9:30  SCV  
  70  9:31  Sensor Tower  
  71  9:35  Siege Tank  
  71  9:37  Supply Depot  
  74  9:39  SCV  
  74  9:42  SCV  
  76  9:51  Armory  
  76  9:52  SCV x2  
  78  9:54  SCV  
  79  10:04  SCV x2  
  79  10:05  Factory  
  79  10:07  SCV  
  82  10:09  Siege Tank  
  85  10:16  SCV, Sensor Tower  
  85  10:18  Barracks Tech Lab  
  85  10:19  SCV  
  87  10:28  SCV  
  88  10:30  Siege Tank  
  91  10:36  Thor  
  91  10:41  Supply Depot  
  94  10:59  Battlecruiser  
  94  11:02  Battlecruiser  
  106  11:07  Supply Depot  
  106  11:19  Thor  
  112  11:28  Missile Turret  
  112  11:31  Siege Tank x2  
  118  11:36  Terran Vehicle And Ship Armor Level 1  
  118  11:40  Terran Vehicle Weapons Level 2  
  118  11:56  Missile Turret x2  
  118  12:03  Planetary Fortress  
  118  12:27  Command Center  
  118  12:31  Battlecruiser  
  124  12:42  Battlecruiser  
  130  12:47  Missile Turret  
  117  13:08  Siege Tank x2, Thor  
  129  13:20  Armory  
  129  13:22  Sensor Tower  
  129  13:26  Starport  
  129  13:28  Starport  
  129  13:43  Command Center  
  129  13:44  Missile Turret  
  129  14:04  Supply Depot  
  129  14:10  Battlecruiser x2  
  129  14:12  Missile Turret  
  129  14:14  Starport Tech Lab x2  
  141  14:17  Starport  
  141  14:19  Starport  
  140  14:47  Missile Turret x2  
  140  14:48  Missile Turret  
  140  14:50  Sensor Tower  
  140  15:04  Refinery  
  140  15:05  Thor  
  146  15:10  Thor x3  
  146  15:26  Terran Vehicle And Ship Armor Level 2, Terran Ship Weapons Level 1  
  146  15:27  Terran Vehicle Weapons Level 3  
  146  15:30  Orbital Command  
  146  15:32  Refinery  
  146  15:37  Starport Tech Lab x2  
  146  15:52  Missile Turret  
  146  15:58  Command Center  
  146  16:03  Supply Depot  
  146  16:08  SCV  
  147  16:17  Command Center  
  147  16:20  SCV  
  147  16:21  Neosteel Armor  
  148  16:29  Supply Depot  
  148  16:33  Thor  
  148  16:34  Thor  
  148  16:36  SCV  
  161  16:45  SCV  
  162  16:51  Battlecruiser  
  168  16:54  Supply Depot  
  168  16:57  SCV  
  169  17:05  Supply Depot  
  169  17:10  Battlecruiser  
  175  17:21  Supply Depot  
  175  17:25  Planetary Fortress  
  175  17:27  Refinery  
  175  17:32  Planetary Fortress  
  175  17:33  Refinery  
  175  17:52  Missile Turret  
  175  17:53  Refinery, Missile Turret  
  175  17:54  Missile Turret  
  175  17:55  Missile Turret  
  180  17:58  Battlecruiser  
  180  17:59  Battlecruiser x2  
  180  18:03  Terran Ship Weapons Level 2  
  192  18:23  Sensor Tower  
  192  18:26  SCV  
  193  18:38  SCV  
  194  18:50  SCV  
  195  19:06  Refinery  
  195  19:08  Terran Vehicle And Ship Armor Level 3  
  195  19:18  Command Center  
  195  19:46  Factory  
  195  19:48  Factory  
  195  19:55  Barracks Tech Lab  
  177  20:29  Battlecruiser  
  177  20:30  Battlecruiser x2  
  195  20:39  Orbital Command  
  190  21:22  Command Center  
  190  21:29  Starport  
  178  22:16  Battlecruiser x2  
  178  22:17  Battlecruiser  
  196  22:23  Fusion Core  
  196  22:35  Terran Ship Weapons Level 3  
  196  22:39  Orbital Command  
  196  22:43  Barracks Tech Lab  
  196  22:46  Missile Turret  
  196  22:48  Planetary Fortress  
  196  22:50  Refinery  
  196  23:01  Command Center  
  196  23:09  Missile Turret  
  196  23:11  Starport  
  196  23:33  Refinery  
  196  23:35  Missile Turret, Refinery, Command Center  
  196  23:52  Starport Tech Lab  
  196  24:20  Planetary Fortress  
  196  24:25  Command Center  
  196  24:30  Refinery  
  196  24:32  Refinery  
Show
View Real Time Build Order
Export as new Build Order

WeAreLegion Terran 

Build Orders: Banshee Rush 

Get SALT Encoding   

  12  0:00  SCV  
  13  0:12  SCV  
  14  0:19  Supply Depot  
  14  0:24  SCV  
  15  0:40  SCV  
  16  0:45  Barracks  
  16  0:50  Refinery  
  16  0:52  SCV  
  17  1:04  SCV  
  17  1:10  Refinery  
  18  1:17  SCV  
  19  1:32  Orbital Command  
  19  1:46  Factory  
  19  2:06  SCV  
  20  2:11  Supply Depot  
  21  2:15  Reaper  
  21  2:18  SCV  
  22  2:30  SCV  
  22  2:31  Supply Depot  
  22  2:34  Starport  
  23  2:42  SCV  
  24  2:54  Marine  
  25  3:01  Command Center  
  25  3:04  SCV  
  26  3:13  Starport Tech Lab, Factory Tech Lab  
  26  3:16  SCV  
  26  3:19  Barracks Reactor  
  27  3:28  SCV  
  28  3:39  Banshee  
  28  3:40  SCV, Cloaking Field  
  32  3:43  Siege Tank  
  35  3:53  SCV  
  35  3:55  Supply Depot  
  36  3:56  Marine  
  36  3:58  Marine  
  38  4:05  SCV  
  39  4:16  Orbital Command  
  39  4:17  SCV  
  39  4:19  Marine  
  39  4:23  Banshee  
  44  4:29  SCV  
  45  4:33  Marine  
  45  4:34  Siege Tank  
  45  4:37  Marine  
  50  4:41  SCV  
  50  4:42  SCV  
  52  4:47  Engineering Bay  
  52  4:53  SCV  
  52  4:54  Barracks  
  52  4:58  Supply Depot  
  52  4:59  SCV  
  54  5:05  SCV  
  55  5:11  SCV  
  56  5:14  Marine x2  
  56  5:17  SCV  
  56  5:19  Siege Tank  
  56  5:20  Raven  
  64  5:23  SCV  
  64  5:27  Barracks  
  65  5:32  Supply Depot, Marine  
  65  5:33  Supply Depot  
  65  5:35  SCV  
  67  5:36  SCV  
  67  5:38  Marine  
  69  5:47  SCV  
  70  6:02  SCV x2  
  72  6:05  Starport Reactor  
  72  6:06  Refinery  
  72  6:08  Refinery  
  72  6:11  Marine x3  
  73  6:12  Siege Tank  
  73  6:14  SCV x2  
  74  6:26  Supply Depot, SCV  
  74  6:28  Marine  
  74  6:29  Marauder  
  74  6:30  Supply Depot  
  78  6:34  Stimpack  
  78  6:35  Barracks  
  78  6:39  Marine  
  80  6:41  Barracks Reactor  
  80  6:44  Siege Tank  
  80  6:46  Marine  
  83  6:47  Medivac  
  83  6:51  Supply Depot, Marauder  
  87  6:57  Marine  
  63  7:30  Marine x3  
  63  7:31  Marauder  
  63  7:32  Viking x2  
  69  7:40  Missile Turret  
  63  7:45  Missile Turret x2  
  55  7:53  Marauder  
  47  8:02  Viking  
  43  8:19  Marine x2, Viking  
  43  8:20  Marine, Marauder  
  43  8:21  SCV x2  
  50  8:33  SCV x2  
  52  8:39  Marine x3  
  55  8:42  Marauder  
  55  8:45  SCV x2  
  59  8:53  Marine  
  60  8:57  SCV, Marine x2  
  63  9:03  Marauder  
  65  9:18  SCV x2  
  65  9:22  Marine x3  
  70  9:24  Marauder  
  70  9:30  SCV x2  
  74  9:33  Barracks Tech Lab  
  74  9:37  Siege Tank  
  77  9:42  SCV, Marine x2  
  77  9:43  SCV, Marine x2  
  83  9:46  Marauder  
  83  9:52  Viking x2  
  89  10:00  Marine x3  
  92  10:07  Marine x2, Marauder  
  96  10:18  Marine  
  97  10:22  Viking  
  96  10:47  Marine x4  
  96  10:48  Marauder  
  102  10:50  Marine  
  89  11:09  Marine x2, Marauder x2  
  89  11:10  Marine x2  
  96  11:27  Marine  
  96  11:30  Marauder  
  96  11:31  Marauder  
  98  11:51  Marauder  
  98  11:52  Marauder  
  102  12:03  Armory  
  102  12:22  Marine x4, Marauder x2  
  110  12:26  Supply Depot  
  110  12:27  Supply Depot  
  110  12:31  Viking  
  112  12:40  Marine x2  
  112  12:44  Marauder x2  
  90  13:05  Marauder  
  75  13:11  Marine x4  
  75  13:12  Marauder  
  76  13:19  Terran Ship Weapons Level 1  
  76  13:26  Marauder  
  78  13:30  Orbital Command  
  78  13:31  Marine x2  
  78  13:32  Marine x2  
  78  13:33  Marauder  
  84  13:38  Viking  
  86  14:10  Command Center  
  44  14:58  Missile Turret  
  44  15:01  Missile Turret  
  44  15:04  SCV  
  45  15:09  Missile Turret x2  
  45  15:10  Missile Turret  
  45  15:11  Missile Turret  
  45  15:18  Viking  
  45  15:21  Viking  
  49  15:26  Marine x3  
  52  15:29  Terran Ship Weapons Level 2  
  52  15:37  Planetary Fortress  
  52  15:40  SCV x2  
  54  15:52  SCV, Command Center  
  54  15:53  SCV  
  56  16:04  SCV  
  56  16:05  SCV  
  56  16:06  Viking  
  56  16:07  Viking  
  62  16:17  SCV x2  
  64  16:28  Starport  
  64  16:31  Starport  
  64  16:33  SCV x3  
  64  16:37  Marine x3  
  64  16:38  Viking  
  64  16:39  Viking  
  74  16:40  Thor  
  74  16:45  SCV x2  
  82  16:56  Marine x4  
  86  17:08  Viking  
  86  17:09  Viking  
  86  17:11  Starport Reactor  
  86  17:12  Starport Reactor  
  89  17:18  Marine x2  
  91  17:23  Thor  
  97  17:34  Orbital Command  
  97  17:38  Viking x2  
  101  17:44  Refinery  
  101  17:47  SCV x3, Refinery  
  101  17:50  Marine x3  
  107  17:59  SCV x3  
  107  18:00  Viking  
  107  18:01  Viking x2  
  116  18:06  Thor  
  116  18:08  Viking  
  116  18:11  Fusion Core, SCV x2  
  116  18:12  SCV  
  126  18:27  Viking  
  126  18:30  Viking  
  126  18:31  Viking x3  
  136  18:43  Factory  
  136  18:44  Factory  
  136  18:45  Marine  
  136  18:46  Marine x2  
  136  18:47  Viking  
  141  18:49  Siege Tank  
  141  18:53  SCV x4  
  148  18:57  Viking  
  150  19:05  SCV x3  
  153  19:16  SCV  
  154  19:17  SCV x2  
  154  19:24  Marine x3  
  156  19:25  Thor  
  164  19:39  Factory Tech Lab  
  164  19:40  Factory Tech Lab  
  164  19:46  Supply Depot  
  164  19:47  Supply Depot  
  164  19:51  Viking x4  
  172  19:54  Viking  
  145  20:10  Supply Depot  
  145  20:12  Supply Depot  
  110  20:32  Marine x3  
  110  20:33  Marauder x2  
  110  20:34  Thor  
  123  20:35  Viking x2  
  123  20:36  Viking x2  
  103  21:15  Viking x2  
  103  21:16  Viking x3  
  103  21:17  Thor  
  119  21:29  Refinery  
  119  21:30  Refinery  
  119  21:47  Thor x2  
  125  22:00  Thor  
  114  22:16  Command Center  
  114  22:23  Command Center  
  114  22:26  Command Center  
  114  22:29  Command Center  
  114  22:42  Refinery  
  114  22:44  Refinery  
  114  23:04  Refinery  
  114  23:07  Refinery, Command Center  
  114  23:11  Marine x2  
  116  23:13  Thor  
  116  23:17  Viking x2  
  125  23:44  Marine x3  
  125  23:47  Marine x2  
  125  23:48  Marine  
  131  23:49  Thor  
  137  24:02  Marine  
  126  24:21  Planetary Fortress  
  126  24:25  Missile Turret  
  126  24:34  Viking  
  128  24:41  Armory  
  128  24:44  Missile Turret  
  74  25:39  Command Center  
Tags
 
Matchup
TvT
Race
Terran
Replay Pack
December
Spawn Locations
Cross Positions
Strategy
Banshee Rush
Add a new tag
Caveats
  • Supply blocks, unpowered buildings, or Contaminate may cause inaccurate times.
  • Supply counts are checked every 10 seconds.